Arrhythmia, chaotic female vampiric Convict ---- ---- |..---- -----.|.--- -- |...|.-- -- -- -- |.........| |. ---.....| |..... |.-------........- |.- |...|...| .....|..........- ----|.| ---.--|...| |...........- ---..||.| ---...| |..-- ---.).......| |....--.| |...--- ---- ---.^.....-- |......^| --...-- --.......| ---.....-------.....| ----- --.......- ----......))..[.)...)---------...-- |...---...| --.)..).))......(.u..%.%(..........| ----...| -..- |..<.|0......>......^---------..|.-- --....------... .- --..---....----......| |.---- --.................- ---- |-...| --...@u----- |.| --.....--------..... |....| --.....--.-- |.| |........--- ....... |-..-- ---.......-- |.--- |..........- ......- |..-- --..--...| |...----------.--.----...| -...... --..| ------.-- |..............|--- -.-- -..|... ---- --- ----.----------- -- ----..- --- --- Arrhythmia the Jail-bird Experience level: 7 Strength: 15 Dexterity: 13 Constitution: 19 Intelligence: 11 Wisdom: 10 Charisma: 9 Health: 0(73) Energy: 36(36) AC: 7 Gold: 711 Moves: 2079 Your Inventory: Coins $ - 711 gold pieces Amulets e - a [cursed] convex amulet [of strangulation] Armor b - an uncursed +0 striped shirt j - an [uncursed] +0 Hawaiian shirt m - an [uncursed] +0 hooded cloak [dwarvish] (being worn) n - an [uncursed] +0 pair of hard shoes [iron] (being worn) o - an [uncursed] +0 pair of old gloves [gauntlets of dexterity] (being worn) Scrolls g - an [uncursed] scroll labeled JUYED AWK YACC [of enchant armor] i - an [uncursed] scroll labeled ACHAT SHTAYIM SHALOSH [of punishment] k - an [uncursed] scroll labeled VELOX NEB [of teleportation] p - an [uncursed] scroll labeled VAS CORP BET MANI [of enchant weapon] q - an [uncursed] unlabeled scroll [of blank paper] Tools d - an [uncursed] lock pick l - an [uncursed wax] candle Iron balls c - an [uncursed] heavy iron ball (weapon in hand) Spells known in the end: Name Level Category Fail Memory Your skills at the end: Fighting Skills Weapon Skills sling [Basic / Skilled] Spellcasting Skills Final Attributes: You were piously aligned. Hunger level was 529. Your alignment was 20 / 20. Monster difficulty range was 0 - 6. Level difficulty was 5. You were immune to poison. You were immune to level-drain. You were immune to sickness. You could fly. You could survive without air. You regenerated. Your luck was zero. You are dead. Vanquished creatures: a brown pudding a human zombie 2 gnome lords a red naga hatchling a paper golem 3 floating eyes a kitten 3 dwarves a giant bat 8 orc zombies 2 iguanas a coyote a hobbit 3 giant rats 2 cave spiders 11 gnomes a gecko 5 jackals a kobold 2 goblins 4 sewer rats 10 grid bugs 2 kobold zombies 4 newts 71 creatures vanquished. Voluntary challenges: You went without food. You were illiterate. You never hit with a wielded weapon. You put on armor 5 times. You never genocided any monsters. You never polymorphed an object. You never changed form. You used no wishes. You abstained from Elbereth's help. You never encountered a bones level. You never used any Sokoban shortcuts. Dungeon overview: The Dungeons of Doom: levels 1 to 4 Level 1 a fountain a long staircase Level 2 a fountain Level 3 some fountains Level 4 a general store stairs to The Gnomish Mines The Gnomish Mines: Level 5 <- You were here stairs to The Dungeons of Doom History has recorded: On T:1 you entered the Dungeons of Doom to retrieve the Amulet of Yendor! On T:418 you reached level 2 of The Dungeons of Doom. On T:628 you advanced to experience level 2. On T:917 you reached level 3 of The Dungeons of Doom. On T:972 you advanced to experience level 3. On T:1010 you advanced to experience level 4. On T:1380 you reached level 4 of The Dungeons of Doom. On T:1452 you advanced to experience level 5. On T:1654 you reached level 1 of The Gnomish Mines. On T:1672 you advanced to experience level 6. On T:1880 you advanced to experience level 7. Latest messages: The gray unicorn just misses! The gray unicorn butts! The gray unicorn kicks! [HP-7=56] You miss the gray unicorn. (2x) The gray unicorn butts! The gray unicorn kicks! The gray unicorn butts! The gray unicorn kicks! [HP-19=37] You miss the gray unicorn. (2x) [HP+1=38] The gray unicorn butts! The gray unicorn kicks! The gray unicorn butts! The gray unicorn kicks! [HP-16=22] You miss the gray unicorn. You bite the gray unicorn. The gray unicorn butts! The gray unicorn kicks! The gray unicorn butts! You die... Final status: Goodbye Arrhythmia the Convict... You died in The Gnomish Mines on dungeon level 5 with 2898 points, and 711 pieces of gold, after 2079 moves. You were level 7 with a maximum of 73 hit points when you died.